 Dungeon Crawl Stone Soup version 0.20.1-1-g8b1a95d (webtiles) character file.

149 Inarius the Grave Robber (level 5, -8/40 HPs)
             Began as a Hill Orc Necromancer on July 3, 2017.
             Mangled by Sigmund
             ... wielding a +0 scythe
              (9 damage)
             ... on level 2 of the Dungeon.
             The game lasted 00:09:58 (1791 turns).

Inarius the Grave Robber (Hill Orc Necromancer)     Turns: 1791, Time: 00:09:58

Health: -8/40      AC:  4    Str: 10 (11) XL:     5   Next: 31%
Magic:  8/8        EV: 11    Int: 15 (16) God:
Gold:   60         SH:  0    Dex:  8 (11) Spells: 0/9 levels left

rFire    . . .     SeeInvis .   u - +6 dagger (pain)
rCold    . . .     Gourm    .   (no shield)
rNeg     . . .     Faith    .   n - +0 leather armour
rPois    .         Spirit   .   (no helmet)
rElec    .         Reflect  .   d - +0 cloak (curse)
rCorr    .         Harm     .   (no gloves)
MR       .....                  (no boots)
Stlth    +.........             i - amulet of magic regeneration
Regen    0.2/turn               (no ring)
MPRegen  0.2/turn               (no ring)

@: very slightly contaminated
A: no striking features
a: no special abilities


You were on level 2 of the Dungeon.
You were hungry.

You visited 1 branch of the dungeon, and saw 2 of its levels.

You collected 60 gold pieces.

Inventory:

Hand Weapons
 u - a +6 dagger of pain (weapon)
Armour
 d - a cursed +0 cloak (worn)
 n - a +0 leather armour (worn)
Jewellery
 i - an amulet of magic regeneration (around neck)
Scrolls
 t - a scroll of immolation
Potions
 k - 2 potions of mutation {unknown}
 l - a potion of cancellation {unknown}
 o - a potion of magic {unknown}
 p - a potion of heal wounds {unknown}
 q - 2 potions of resistance {unknown}
Books
 b - a book of Necromancy

   Spells                             Type                      Level
   a - Pain                           Necromancy                   1
   b - Animate Skeleton               Necromancy                   1
   c - Vampiric Draining              Necromancy                   3
   d - Regeneration                   Charms/Necromancy            3
   e - Animate Dead                   Necromancy                   4
   f - Control Undead                 Necromancy                   4
Comestibles
 c - 2 bread rations
 f - a meat ration
 h - 3 royal jellies


   Skills:
 * Level 1.4 Fighting
 + Level 0.8 Short Blades
   Level 0.4 Maces & Flails
 * Level 1.5 Armour
 + Level 1.6 Dodging
 - Level 1.5 Stealth
 + Level 2.5 Spellcasting
 + Level 5.0 Necromancy


You couldn't memorise any spells.
You knew the following spells:

 Your Spells              Type           Power        Failure   Level  Hunger
a - Pain                  Necr           ###.         3%          1    #......
b - Animate Skeleton      Necr           N/A          3%          1    #......
c - Regeneration          Chrm/Necr      #.........   28%         3    ###....
d - Animate Dead          Necr           N/A          34%         4    #####..


Dungeon Overview and Level Annotations

Branches:
Dungeon (2/15)

Altars:
Cheibriados

Annotations:
D:2 Sigmund


Message History

* * * LOW HITPOINT WARNING * * *
It was a potion of ambrosia.
You are confused.
You feel invigorated.
You're too confused to move!
Something hits you!
* * * LOW HITPOINT WARNING * * *
You bump into the rock wall.
You feel less invigorated.
You feel less confused. Something hits you.
* * * LOW HITPOINT WARNING * * *
You barely miss something. You barely miss something. Something hits you.
* * * LOW HITPOINT WARNING * * *
It was a potion of curing.
You feel better. Something hits you!
* * * LOW HITPOINT WARNING * * *
It was a potion of degeneration.
There was something very wrong with that liquid.
You feel weakened.
You feel dopey.
You feel clumsy.
You barely miss something. Something hits you!
You die...

####################
...................#
.###########.......#
.# ###..<#.#.####..#
.# #.......#.# #..#
.###.#.#.#.#.# #..#
..##.#...#.#.####..#
...............{@.>#
...#.....#.#.####.##
.#.#######.#.# #.#
...........#.####.#
.##.######.#.#..#.#
.##..# #.#@#..#.#
.###.# #.#.#..#.# .#
.# #.#.#.<#.# .# ..
#.#.##.#.#


There were no monsters in sight!

Vanquished Creatures
  Crazy Yiuf (D:2)
  Jessica (D:2)
  Natasha (D:2)
  2 worms (D:2)
  3 dart slugs
  3 bats
  2 giant cockroaches (D:1)
  4 goblins
  4 hobgoblins (D:1)
  6 jackals
  A ball python (D:1)
  4 frilled lizards
  3 rats
35 creatures vanquished.

Vanquished Creatures (collateral kills)
  Natasha (D:2)
  A bat (D:1)
  A giant cockroach (D:2)
  A goblin (D:1)
  2 frilled lizards (D:2)
  2 rats
8 creatures vanquished.

Grand Total: 43 creatures vanquished

Notes
Turn   | Place    | Note
-------+----------+-------------------------------------------
     0 | D:1      | Inarius the Hill Orc Necromancer began the quest for the Orb.
     0 | D:1      | Reached XP level 1. HP: 14/14 MP: 3/3
   139 | D:1      | Reached XP level 2. HP: 5/20 MP: 0/4
   402 | D:1      | Learned a level 1 spell: Animate Skeleton
   684 | D:1      | Reached XP level 3. HP: 16/27 MP: 2/5
   954 | D:1      | Learned a level 3 spell: Regeneration
  1044 | D:2      | Reached skill level 1 in Fighting
  1075 | D:2      | Reached skill level 1 in Armour
  1138 | D:2      | Noticed Jessica
  1141 | D:2      | Killed Jessica
  1141 | D:2      | Reached XP level 4. HP: 28/35 MP: 3/7
  1162 | D:2      | Found a runed door.
  1180 | D:2      | Noticed Crazy Yiuf
  1190 | D:2      | Killed Crazy Yiuf
  1317 | D:2      | Noticed Natasha
  1322 | D:2      | Killed Natasha
  1350 | D:2      | Reached XP level 5. HP: 40/40 MP: 6/8
  1451 | D:2      | Learned a level 4 spell: Animate Dead
  1522 | D:2      | Found a snail-covered altar of Cheibriados.
  1591 | D:2      | Noticed Natasha
  1597 | D:2      | Killed Natasha
  1597 | D:2      | Reached skill level 5 in Necromancy
  1706 | D:2      | Noticed Sigmund
  1789 | D:2      | HP: 1/40 [something (8)]
  1791 | D:2      | Mangled by Sigmund

Skill      XL: |  1  2  3  4  5 |
---------------+----------------+-----
Fighting       | 1 |  1.4
Armour         | 1 |  1.5
Spellcasting   | 2 |  2.5
Necromancy     | 5 |  5.0
Short Blades   | |  0.8
Maces & Flails | |  0.4
Dodging        | |  1.6
Stealth        | |  1.5

Action                   |  1- 3 |  4- 6 || total
-------------------------+-------+-------++-------
Melee: Whip              |    31 |       ||    31
       Dagger            |       |    13 ||    13
 Cast: Pain              |    35 |    29 ||    64
       Animate Skeleton  |    13 |     4 ||    17
       Regeneration      |       |     2 ||     2
       Animate Dead      |       |     1 ||     1
  Use: Scroll            |       |     4 ||     4
       Potion            |       |     3 ||     3
  Eat: Chunk             |     2 |     2 ||     4
Armor: Robe              |    12 |     2 ||    14
       Leather armour    |       |     1 ||     1
Dodge: Dodged            |    40 |     8 ||    48
